3A
HIGHWOOD HAWKS @ KENNESAW JETS
08/10/2025
 
TOP OF THE 1ST
Highwood Hawks batting - Pitching for Kennesaw Jets : RHP Renaud Cesaresco
Pitching: RHP Renaud Cesaresco
Batting: RHB Dennis Dudash 0-0: Ball
1-0: Swinging Strike
1-1: Ball
2-1: Foul Ball, location: 2F
2-2: Strikes out swinging
Batting: RHB Sterling Burnett 0-0: Called Strike
0-1: Ball
1-1: Ground out 1-3 (Groundball, P)
Batting: RHB Rojo Nasution 0-0: Foul Ball, location: 2F
0-1: Ball
1-1: SINGLE (Groundball, 6MD)
Batting: RHB Pepe Álvarez 0-0: Called Strike
Rojo Nasution steals 2nd base
0-1: Swinging Strike
0-2: Foul Ball, location: 2F
0-2: Foul Ball, location: 2F
0-2: Ball
1-2: Foul Ball, location: 2F
1-2: Ground out 4-3 (Groundball, 4)
Top of the 1st over - 0 run(s), 1 hit(s), 0 error(s), 1 left on base; Highwood 0 - Kennesaw 0
BOTTOM OF THE 1ST
Kennesaw Jets batting - Pitching for Highwood Hawks : LHP Austin Carlan
Pitching: LHP Austin Carlan
Batting: RHB Marc Beck 0-0: Called Strike
0-1: Foul Ball, location: 2F
0-2: Foul Ball, location: 2F
0-2: Foul Ball, location: 2F
0-2: Strikes out swinging
Batting: RHB Héctor Amador 0-0: Called Strike
0-1: Foul Ball, location: 2F
0-2: Ball
1-2: Ball
2-2: Foul Ball, location: 2F
2-2: Ball
3-2: Foul Ball, location: 2F
3-2: Ground out 6-3 (Groundball, 6)
Batting: RHB Chase Mooney 0-0: Ball
1-0: Called Strike
1-1: Ball
2-1: Foul Ball, location: 2F
2-2: Strikes out swinging
Bottom of the 1st over - 0 run(s), 0 hit(s), 0 error(s), 0 left on base; Highwood 0 - Kennesaw 0
TOP OF THE 2ND
Highwood Hawks batting - Pitching for Kennesaw Jets : RHP Renaud Cesaresco
Batting: RHB Andrew Crosby 0-0: Swinging Strike
0-1: Fly out, F8 (Flyball, 8RD)
Batting: RHB Raleigh Delaney 0-0: Foul Ball, location: 2F
0-1: Called Strike
0-2: Ball
1-2: Foul Ball, location: 2F
1-2: Ball
2-2: Foul Ball, location: 2F
2-2: Strikes out swinging
Batting: SHB Gabriel Pittman 0-0: Foul Ball, location: 2F
0-1: Called Strike
0-2: Strikes out swinging
Top of the 2nd over - 0 run(s), 0 hit(s), 0 error(s), 0 left on base; Highwood 0 - Kennesaw 0
BOTTOM OF THE 2ND
Kennesaw Jets batting - Pitching for Highwood Hawks : LHP Austin Carlan
Batting: LHB Raúl Godines 0-0: Ground out 4-3 (Groundball, 4)
Batting: RHB Carlos León 0-0: Called Strike
0-1: Hit by Pitch
Batting: RHB Daniel Métivier 0-0: Swinging Strike
0-1: Ball
1-1: Ball
2-1: Ground out 5-3 (Groundball, 56S)
Carlos León to second
Batting: RHB Jeffrey Jones 0-0: Ball
1-0: Called Strike
1-1: Ball
2-1: Foul Ball, location: 2F
2-2: Strikes out swinging
Bottom of the 2nd over - 0 run(s), 0 hit(s), 0 error(s), 1 left on base; Highwood 0 - Kennesaw 0
TOP OF THE 3RD
Highwood Hawks batting - Pitching for Kennesaw Jets : RHP Renaud Cesaresco
Batting: SHB Adam Staats 0-0: Ball
1-0: SINGLE (Line Drive, 9S)
Batting: RHB Luis Estrada 0-0: Called Strike
0-1: Ball
1-1: Ball
2-1: SINGLE (Line Drive, 56D)
Adam Staats to second
Batting: RHB Dennis Dudash 0-0: Ball
1-0: Called Strike
1-1: 3-RUN HOME RUN (Flyball, 7LD), Distance : 336 ft
Batting: RHB Sterling Burnett 0-0: Ball
1-0: Foul Ball, location: 2F
1-1: Ball
2-1: Ball
3-1: Base on Balls
Batting: RHB Rojo Nasution 0-0: SINGLE (Line Drive, 7LM)
Sterling Burnett to second
Batting: RHB Pepe Álvarez 0-0: Ball
1-0: Ball
2-0: Called Strike
2-1: Foul Ball, location: 2F
2-2: Ball
3-2: Reached on error, E5 (Groundball, 56)
Sterling Burnett to third
Rojo Nasution to second
Batting: RHB Andrew Crosby 0-0: Ball
1-0: Fly out, F9 (Flyball, 89S)
Batting: RHB Raleigh Delaney 0-0: Foul Ball, location: 2F
0-1: Fly out, F9 (Flyball, 9S)
Batting: SHB Gabriel Pittman 0-0: Ground out 6-3 (Groundball, 6S)
Top of the 3rd over - 3 run(s), 4 hit(s), 1 error(s), 3 left on base; Highwood 3 - Kennesaw 0
BOTTOM OF THE 3RD
Kennesaw Jets batting - Pitching for Highwood Hawks : LHP Austin Carlan
Batting: LHB John Satcher 0-0: Ball
1-0: Fly out, F9 (Line Drive, 9LS)
Batting: RHB Vic Richards 0-0: Called Strike
0-1: Fly out, F9 (Flyball, 9S)
Batting: RHB Marc Beck 0-0: Called Strike
0-1: Swinging Strike
0-2: Ball
1-2: Fly out, F8 (Flyball, 8RM)
Bottom of the 3rd over - 0 run(s), 0 hit(s), 0 error(s), 0 left on base; Highwood 3 - Kennesaw 0
TOP OF THE 4TH
Highwood Hawks batting - Pitching for Kennesaw Jets : RHP Renaud Cesaresco
Batting: SHB Adam Staats 0-0: Called Strike
0-1: Ball
1-1: Swinging Strike
1-2: Strikes out swinging
Batting: RHB Luis Estrada 0-0: Ball
1-0: Ball
2-0: Foul Ball, location: 2F
2-1: Ball
3-1: Called Strike
3-2: Strikes out swinging
Batting: RHB Dennis Dudash 0-0: Swinging Strike
0-1: Foul Ball, location: 2F
0-2: Ball
1-2: Ball
2-2: Strikes out looking and he physically ARGUES THE CALL AND IS TOSSED!
Top of the 4th over - 0 run(s), 0 hit(s), 0 error(s), 0 left on base; Highwood 3 - Kennesaw 0
BOTTOM OF THE 4TH
Kennesaw Jets batting - Pitching for Highwood Hawks : LHP Austin Carlan
Now in RF: Júlio Peña
Batting: RHB Héctor Amador 0-0: DOUBLE (Flyball, 7LM)
Batting: RHB Chase Mooney 0-0: Fly out, F2 (Popup, 25)
Batting: LHB Raúl Godines 0-0: Ball
1-0: Ball
2-0: Ball
3-0: Base on Balls
Batting: RHB Carlos León 0-0: Called Strike
0-1: Ball
Wild Pitch!
Héctor Amador to third
Raúl Godines to second
1-1: Fly out, F7 (Flyball, 7)
Runner from 3rd tags up, SCORES, no throw
Batting: RHB Daniel Métivier 0-0: Hit by Pitch
Batting: RHB Jeffrey Jones 0-0: Ball
1-0: Called Strike
1-1: SINGLE (Groundball, 15S) (infield hit)
Raúl Godines to third
Daniel Métivier to second
Batting: LHB John Satcher 0-0: Called Strike
0-1: Hit by Pitch
Raúl Godines scores
Daniel Métivier to third
Jeffrey Jones to second
Batting: RHB Vic Richards 0-0: Foul Ball, location: 2F
0-1: Called Strike
0-2: Strikes out swinging
Bottom of the 4th over - 2 run(s), 2 hit(s), 0 error(s), 3 left on base; Highwood 3 - Kennesaw 2
TOP OF THE 5TH
Highwood Hawks batting - Pitching for Kennesaw Jets : RHP Renaud Cesaresco
Batting: RHB Sterling Burnett 0-0: Called Strike
0-1: Ball
1-1: Ball
2-1: SINGLE (Groundball, 56D)
Batting: RHB Rojo Nasution 0-0: Foul Ball, location: 2F
0-1: Ball
1-1: Ball
2-1: Swinging Strike
2-2: Strikes out looking
Batting: RHB Pepe Álvarez 0-0: Ball
1-0: Called Strike
1-1: Ball
2-1: Swinging Strike
2-2: Strikes out looking
Batting: RHB Andrew Crosby 0-0: Called Strike
0-1: Swinging Strike
0-2: Strikes out swinging
Top of the 5th over - 0 run(s), 1 hit(s), 0 error(s), 1 left on base; Highwood 3 - Kennesaw 2
BOTTOM OF THE 5TH
Kennesaw Jets batting - Pitching for Highwood Hawks : LHP Austin Carlan
Batting: RHB Marc Beck 0-0: Called Strike
0-1: Called Strike
0-2: Ball
1-2: Foul Ball, location: 2F
1-2: Fly out, F9 (Flyball, 89M)
Batting: RHB Héctor Amador 0-0: Bunt for hit - play at first, batter safe!
Batting: RHB Chase Mooney 0-0: Foul Ball, location: 2F
0-1: Grounds into double play, 5-4-3 (Groundball, 5)
Bottom of the 5th over - 0 run(s), 1 hit(s), 0 error(s), 0 left on base; Highwood 3 - Kennesaw 2
TOP OF THE 6TH
Highwood Hawks batting - Pitching for Kennesaw Jets : RHP Renaud Cesaresco
Batting: RHB Raleigh Delaney 0-0: Ball
1-0: Called Strike
1-1: Ball
2-1: Foul Ball, location: 2F
2-2: Strikes out looking
Batting: SHB Gabriel Pittman 0-0: DOUBLE (Line Drive, 9LM)
Batting: SHB Adam Staats 0-0: SINGLE (Line Drive, 4M)
Gabriel Pittman to third
Batting: RHB Luis Estrada 0-0: Called Strike
0-1: Ball
1-1: Ball
2-1: Foul Ball, location: 2F
2-2: Ball
Wild Pitch!
Gabriel Pittman scores
Adam Staats to second
3-2: Intentional Walk
Pitching: RHP Pedro Aguilar
Batting: RHB Júlio Peña 0-0: Ball
Adam Staats is caught stealing 3rd base
Luis Estrada to second
1-0: Foul Ball, location: 2F
1-1: Called Strike
1-2: Reached on error, E5 (Line Drive, 5)
Luis Estrada to third
Batting: RHB Sterling Burnett 0-0: Ball
1-0: Ball
2-0: Foul Ball, location: 2F
2-1: Foul Ball, location: 2F
2-2: Fly out, F8 (Line Drive, 89M)
Top of the 6th over - 1 run(s), 2 hit(s), 1 error(s), 2 left on base; Highwood 4 - Kennesaw 2
BOTTOM OF THE 6TH
Kennesaw Jets batting - Pitching for Highwood Hawks : LHP Austin Carlan
Batting: LHB Raúl Godines 0-0: SINGLE (Line Drive, 56D)
Batting: RHB Carlos León 0-0: Foul Ball, location: 2F
0-1: Ball
1-1: SINGLE (Groundball, 56D)
Raúl Godines to second
Batting: RHB Daniel Métivier 0-0: Bunted foul
0-1: Ball
1-1: Sac Bunt - play at third, runner OUT! 2-6
Carlos León to second
Batting: RHB Jeffrey Jones 0-0: Called Strike
0-1: Foul Ball, location: 2F
0-2: SINGLE (Flyball, 9LS)
Carlos León to third
Daniel Métivier to second
Runner from 3rd tries for Home, SAFE, no throw
Batting: LHB John Satcher 0-0: Called Strike
Daniel Métivier steals 3rd base
Jeffrey Jones to second
0-1: Ball
1-1: Ball
2-1: Ball
3-1: Base on Balls
Batting: RHB Vic Richards 0-0: Called Strike
0-1: Ball
1-1: Ball
2-1: Grounds into fielders choice 6-2 (Groundball, 6S)
Jeffrey Jones to third
John Satcher to second
Batting: RHB Marc Beck 0-0: Foul Ball, location: 2F
0-1: Fielders Choice at 2nd, 5-4 (Groundball, 56)
Bottom of the 6th over - 1 run(s), 3 hit(s), 0 error(s), 2 left on base; Highwood 4 - Kennesaw 3
TOP OF THE 7TH
Highwood Hawks batting - Pitching for Kennesaw Jets : RHP Pedro Aguilar
Batting: RHB Rojo Nasution 0-0: Called Strike
0-1: Foul Ball, location: 2F
0-2: Ball
1-2: Ball
2-2: Foul Ball, location: 2F
2-2: Ball
3-2: Fly out, F7 (Flyball, 7S)
Batting: RHB Pepe Álvarez 0-0: Ball
1-0: Ball
2-0: Ball
3-0: Base on Balls
Pinch Hitting: RHB Jim Unknown 0-0: Ball
1-0: Ball
2-0: Fly out, F8 (Flyball, 78M)
Batting: RHB Raleigh Delaney 0-0: Ball
1-0: Ball
2-0: Ball
3-0: Base on Balls
Pepe Álvarez to second
Batting: SHB Gabriel Pittman 0-0: Ball
1-0: SINGLE (Groundball, 4MD)
Pepe Álvarez to third
Raleigh Delaney to second
Runner from 3rd tries for Home, SAFE, no throw
Batting: SHB Adam Staats 0-0: Swinging Strike
0-1: Swinging Strike
0-2: Ball
1-2: Ball
2-2: Strikes out swinging
Top of the 7th over - 1 run(s), 1 hit(s), 0 error(s), 2 left on base; Highwood 5 - Kennesaw 3
BOTTOM OF THE 7TH
Kennesaw Jets batting - Pitching for Highwood Hawks : LHP Austin Carlan
Now in LF: Jim Unknown
Batting: RHB Héctor Amador 0-0: Called Strike
0-1: Called Strike
0-2: Strikes out swinging
Batting: RHB Chase Mooney 0-0: Ball
1-0: Called Strike
1-1: Ball
2-1: Ball
3-1: Base on Balls
Batting: LHB Raúl Godines 0-0: Called Strike
0-1: Foul Ball, location: 2F
0-2: Foul Ball, location: 2F
0-2: Grounds into double play, 4-6-3 (Groundball, 4)
Bottom of the 7th over - 0 run(s), 0 hit(s), 0 error(s), 0 left on base; Highwood 5 - Kennesaw 3
TOP OF THE 8TH
Highwood Hawks batting - Pitching for Kennesaw Jets : RHP Pedro Aguilar
Batting: RHB Luis Estrada Error on foul ball, E9
0-1: Fly out, F7 (Flyball, 7)
Batting: RHB Júlio Peña 0-0: Hit by Pitch
Batting: RHB Sterling Burnett 0-0: Ball
1-0: Foul Ball, location: 2F
1-1: Called Strike
1-2: Ball
2-2: Strikes out swinging
Batting: RHB Rojo Nasution 0-0: Called Strike
0-1: Foul Ball, location: 2F
0-2: Strikes out swinging
Top of the 8th over - 0 run(s), 0 hit(s), 1 error(s), 1 left on base; Highwood 5 - Kennesaw 3
BOTTOM OF THE 8TH
Kennesaw Jets batting - Pitching for Highwood Hawks : LHP Austin Carlan
Batting: RHB Carlos León 0-0: Ball
1-0: SINGLE (Groundball, 6MD)
Batting: RHB Daniel Métivier 0-0: Ball
1-0: Called Strike
1-1: SINGLE (Flyball, 9S)
Carlos León to second
Runner from 2nd tries for 3rd, SAFE, throw made to third
Daniel Métivier to second
Pinch Hitting: RHB Pedro Clemente 0-0: Hit by Pitch
Pinch Hitting: RHB José Piña 0-0: Called Strike
0-1: Called Strike
0-2: Ball
1-2: Ball
2-2: Ball
3-2: Fly out, F5 (Line Drive, 56S)
Batting: RHB Vic Richards 0-0: Ball
1-0: Swinging Strike
1-1: Called Strike
1-2: Strikes out swinging
Pitching: RHP Enrique Castillo
Batting: RHB Marc Beck 0-0: Ball
1-0: Ball
2-0: Ball
3-0: Base on Balls
Carlos León scores
Daniel Métivier to third
Pedro Clemente to second
Pitching: RHP Vicente García
Pinch Hitting: LHB Jim Unknown 0-0: SINGLE (Groundball, 34D)
Daniel Métivier scores
Pedro Clemente to third
Marc Beck to second
Throwing error, E9
Pedro Clemente scores
Marc Beck to third
Jim Unknown to second
Batting: RHB Chase Mooney 0-0: Called Strike
0-1: Foul Ball, location: 2F
0-2: Ball
1-2: Strikes out swinging
Bottom of the 8th over - 3 run(s), 3 hit(s), 1 error(s), 2 left on base; Highwood 5 - Kennesaw 6
TOP OF THE 9TH
Highwood Hawks batting - Pitching for Kennesaw Jets : RHP Pedro Aguilar
Pitching: RHP Jim Unknown
Now at C: Shannon Corzo
Now at 1B: Pedro Clemente
Now at 3B: Ben Simpson
Now in RF: Jim Unknown
Batting: RHB Pepe Álvarez 0-0: Ball
1-0: Ball
2-0: Ball
3-0: Called Strike
3-1: Swinging Strike
3-2: Foul Ball, location: 2F
3-2: Base on Balls
Batting: RHB Jim Unknown 0-0: Called Strike
0-1: Called Strike
0-2: Ball
1-2: Foul Ball, location: 2F
1-2: Strikes out swinging
Batting: RHB Raleigh Delaney 0-0: Ball
1-0: Ball
2-0: Ground out 5-3 (Groundball, 56S)
Pepe Álvarez to second
Batting: SHB Gabriel Pittman 0-0: Ball
1-0: Ball
2-0: Foul Ball, location: 2F
2-1: Ball
3-1: Base on Balls
Batting: SHB Adam Staats 0-0: Ball
1-0: Fielders Choice at 2nd, 6-4 (Groundball, 6)
Top of the 9th over - 0 run(s), 0 hit(s), 0 error(s), 1 left on base; Highwood 5 - Kennesaw 6
Friday, December 30th, 2016 - OOTP Baseball 17.12 Build 75